 Dungeon Crawl Stone Soup version 0.28.0-53-g5a82cb258f (webtiles) character file.

Game seed: 4190508413577028024

420 MiltankisOP the Skirmisher (level 6, -2/41 HPs)
             Began as a Gargoyle Fighter on June 15, 2022.
             Slain by Pikel
             ... wielding a +1 whip of freezing
              (3 damage)
             ... on level 4 of the Dungeon.
             The game lasted 00:07:32 (3706 turns).

MiltankisOP the Skirmisher (Gargoyle Fighter)       Turns: 3706, Time: 00:07:33

Health: -2/41      AC: 16    Str: 21    XL:     6   Next: 94%
Magic:  6/6        EV:  9    Int:  9    God:
Gold:   132        SH:  4    Dex:  9    Spells: 5/5 levels left

rFire   . . .      SeeInvis .   a - +0 flail
rCold   . . .      Faith    .   c - +0 buckler
rNeg    + . .      Spirit   .   b - +0 scale mail
rPois   ∞          Reflect  .   r - +0 helmet
rElec   +          Harm     .   s - +0 cloak
rCorr   .          Rampage  .   (no gloves)
Will    .....                   g - +2 pair of boots
Stlth   ..........              (no amulet)
HPRegen 0.13/turn               (no ring)
MPRegen 0.10/turn               (no ring)

@: mighty
A: sickness immunity, AC +4, negative energy resistance 1, electricity
resistance, torment resistance 1, petrification resistance
a: no special abilities


You were on level 4 of the Dungeon.
You visited 1 branch of the dungeon, and saw 4 of its levels.

You collected 132 gold pieces.

Inventory:

Hand Weapons
 a - a +0 flail (weapon)
Armour
 b - a +0 scale mail (worn)
 c - a +0 buckler (worn)
 f - a +0 pair of boots
 g - a +2 pair of boots (worn)
 r - a +0 helmet (worn)
 s - a +0 cloak (worn)
 u - a scarf of invisibility
Scrolls
 i - a scroll of enchant armour {unknown}
 k - a scroll of fog {unknown}
 m - a scroll of enchant weapon {unknown}
 n - a scroll of identify {unknown}
 p - a scroll of brand weapon {unknown}
 q - 2 scrolls of teleportation {unknown}
 v - a scroll of noise {unknown}
Potions
 d - a potion of might
 e - 2 potions of curing {unknown}
 h - a potion of degeneration {unknown}
 j - a potion of magic {unknown}
 l - a potion of attraction {unknown}
 o - 2 potions of haste {unknown}
 t - 2 potions of heal wounds {unknown}


   Skills:
 + Level 6.3 Fighting
 + Level 5.2 Maces & Flails
 - Level 3.2 Armour
 - Level 3.2 Shields


You had 5 spell levels left.
You didn't know any spells.
Your spell library contained the following spells:

 Spells                   Type           Power      Damage    Failure   Level
 Animate Skeleton         Necr           0%         N/A       82%         1
 Apportation              Tloc           0%         N/A       82%         1
 Summon Small Mammal      Summ           0%         N/A       82%         1


Dungeon Overview and Level Annotations

Branches:
Dungeon (4/15)
 Temple: D:4-7

Altars:
Ashenzari
Elyvilon
Nemelex Xobeh
Vehumet

Annotations:
D:4 Pikel


Innate Abilities, Weirdness & Mutations

You are immune to sickness and miasma.
Your stone body is resilient. (AC +4)
You are immune to poison.
You resist negative energy. (rN+)
You are resistant to electric shocks. (rElec)
You are resistant to unholy torment.
You are immune to petrification.


Message History

You kill the adder!
You miss Pikel. You block Pikel's attack.
You barely miss Pikel. Pikel hits you but does no damage.
You barely miss Pikel. Pikel hits you but does no damage.
Pikel hits you with a +1 whip of freezing.
Pikel freezes you.
You hit Pikel.
Pikel is lightly wounded.
Pikel barely misses you.
You closely miss Pikel.
Pikel is lightly wounded.
Pikel hits you but does no damage.
You closely miss Pikel.
Pikel is lightly wounded.
You block Pikel's attack.
You hit Pikel.
Pikel is moderately wounded.
Pikel hits you with a +1 whip of freezing!
Pikel freezes you. Pikel closely misses you.
You hit Pikel.
Pikel is moderately wounded.
Pikel closely misses you.
You closely miss Pikel.
Pikel is moderately wounded.
Pikel hits you with a +1 whip of freezing.
* * * LOW HITPOINT WARNING * * *
Pikel freezes you.
* * * LOW HITPOINT WARNING * * *
You feel very mighty all of a sudden. Pikel hits you but does no damage.
You hit Pikel.
Pikel is moderately wounded.
Pikel hits you with a +1 whip of freezing.
* * * LOW HITPOINT WARNING * * *
Pikel freezes you.
* * * LOW HITPOINT WARNING * * *
You sock Pikel!
Pikel is severely wounded.
Pikel hits you with a +1 whip of freezing.
You die...

...................
.................#
..........<......# ##
..........K.5...###.# ..
.............#......#....
............###..........
.............#55.........
.......###...##K##.#.###.
#.#....# #######@### #
#####..## #..##.#
.##.....## #.#†#.#
.........####.##.##
..#.###.....##.### #####
##....#.#.###
#.....#.##..#
#.....#..##.#
#...#####.###


You could see Pikel and 2 lemures.

Vanquished Creatures
  A centaur (D:4)
  A lemure (D:4)
  2 hounds (D:4)
  Jessica (D:2)
  An iguana (D:4)
  Terence (D:2)
  4 gnolls
  8 adders
  An ufetubus (D:4)
  An adder skeleton (D:4)
  2 worms
  A dart slug (D:1)
  6 orcs
  5 bats
  4 endoplasms
  6 giant cockroaches
  8 hobgoblins
  2 jackals (D:2)
  4 kobolds
  5 quokkas
  4 ball pythons (D:1)
  A frilled lizard (D:4)
  6 goblins
  A jackal skeleton (D:4)
  8 rats
84 creatures vanquished.

Vanquished Creatures (others)
  2 fungi (D:3)
2 creatures vanquished.

Grand Total: 86 creatures vanquished

Notes
Turn   | Place    | Note
-------+----------+-------------------------------------------
     0 | D:1      | MiltankisOP the Gargoyle Fighter began the quest for the
                  | Orb.
     0 | D:1      | Reached XP level 1. HP: 14/14 MP: 1/1
   187 | D:1      | Reached XP level 2. HP: 14/19 MP: 2/2
   684 | D:1      | Reached XP level 3. HP: 24/24 MP: 3/3
   686 | D:1      | Found a faded altar of an unknown god.
   693 | D:1      | Reached skill level 4 in Fighting
  1121 | D:2      | Noticed Terence
  1151 | D:2      | Killed Terence
  1152 | D:2      | Reached XP level 4. HP: 13/30 MP: 4/4
  1486 | D:2      | Noticed Jessica
  1489 | D:2      | Killed Jessica
  1528 | D:2      | Reached XP level 5. HP: 34/34 MP: 5/5
  1713 | D:2      | Reached skill level 5 in Fighting
  2206 | D:3      | Found a broken altar of Ashenzari.
  2311 | D:3      | Found a sparkling altar of Nemelex Xobeh.
  2549 | D:3      | Found a glowing drain.
  2801 | D:3      | Found a white marble altar of Elyvilon.
  2815 | D:3      | Noticed a black bear
  2815 | D:3      | Noticed a water moccasin
  2875 | D:4      | Noticed a lemure
  2875 | D:4      | Noticed a lemure
  2875 | D:4      | Noticed a lemure
  2875 | D:4      | Noticed a lemure
  2877 | D:4      | Noticed Pikel
  2943 | D:4      | Reached XP level 6. HP: 28/40 MP: 6/6
  3106 | D:4      | Reached skill level 6 in Fighting
  3282 | D:4      | Reached skill level 5 in Maces & Flails
  3643 | D:4      | Found a radiant altar of Vehumet.
  3705 | D:4      | HP: 1/41 [Pikel/+1 whip of freezing (2)]
  3706 | D:4      | Slain by Pikel

Illustrated notes

Levels and vault maps discovered:
D:1:      psy_arrival_heroes, layout_basic, dreamdust_ecumenical_altar_statues
D:2:      layout_basic, uniq_jessica, uniq_terence
D:3:      layout_loops_ring, mainiacjoe_overflow_paths, general_overflow_altar,
          mainiacjoe_overflow_boulevard, gup_sewer_entry_glass,
          minmay_divided_ellipse
D:4:      minmay_chambers_of_threes, layout_cave_pools, marbit_many_paths,
          grunt_ministairs_3, uniq_pikel, uniq_duvessa

Skill      XL: |  1  2  3  4  5  6 |
---------------+-------------------+-----
Fighting       | 4 5 6 |  6.3
Maces & Flails | 3 4 5 |  5.2
Armour         | |  3.2
Shields        | |  3.2

Action                   |  1- 3 |  4- 6 || total
-------------------------+-------+-------++-------
Melee: Flail             |   109 |   265 ||   374
  Use: Potion            |       |     1 ||     1
Armor: Scale mail        |    75 |   193 ||   268
Dodge: Dodged            |    64 |   143 ||   207
Block: Buckler           |    23 |    63 ||    86
